 Dungeon Crawl Stone Soup version 0.31.0-11-ge490571c62 (webtiles) character file.

Game seed: 4796846437942984000

2340 monsoonserge the Sneak (level 9, 0/66 HPs)
             Began as a Gnoll Enchanter on Jan 26, 2024.
             Was an Initiate of Gozag.
             Slain by a killer bee (6 damage)
             ... on level 8 of the Dungeon.
             The game lasted 00:27:41 (7046 turns).

monsoonserge the Sneak (Gnoll Enchanter)            Turns: 7046, Time: 00:27:43

Health: 0/66       AC:  4    Str:  7    XL:     9   Next: 43%
Magic:  8/19       EV: 13    Int: 18    God:    Gozag
Gold:   422        SH:  5    Dex: 14    Spells: 11/21 levels left

rFire   + . .        a - +1 dagger
rCold   . . .        b - +0 buckler
rNeg    . . .        A - +0 troll leather armour {Pargi}
rPois   .            (no helmet)
rElec   .            u - +0 cloak
rCorr   +            (no gloves)
SInv    .            (no boots)
Will    .....        (no amulet)
Stlth   +++          h - ring of resist corrosion
HPRegen 1.11/turn    G - ring of protection from fire
MPRegen 0.16/turn

%: no passive effects
@: lethally poisoned (0 -> -2), invisible
A: fangs 1, strong nose, distributed training
a: Renounce Religion, Potion Petition, Call Merchant, Bribe Branch


You were on level 8 of the Dungeon.
You worshipped Gozag.
Gozag was aware of your devotion.
You visited 2 branches of the dungeon, and saw 9 of its levels.
You also visited: Sewer.

You collected 659 gold pieces.
You spent 135 gold pieces at shops.
You paid 102 gold pieces to Gozag.

Inventory:

Hand Weapons
 a - a +1 dagger (weapon)
 w - the +6 hammer of Soiro {heavy, rElec Will+ Dex+2}
   (You found it on level 6 of the Dungeon)

   Dex+2:     It affects your dexterity (+2).
   rElec:     It insulates you from electricity.
   Will+:     It increases your willpower.
Missiles
 m - 11 poisoned darts (quivered)
Armour
 b - a +0 buckler (worn)
 u - a +0 cloak (worn)
 A - a +0 troll leather armour (worn) {Pargi}
Magical Staves
 i - a staff of air
Jewellery
 h - a ring of resist corrosion (left hand)
 j - a ring of fire
 G - a ring of protection from fire (right hand)
Talismans
 y - a blade talisman
Wands
 E - a wand of paralysis (9)
 H - a wand of flame (8)
Scrolls
 d - a scroll of torment {unknown}
 e - a scroll of noise {unknown}
 f - a scroll of fog {unknown}
 g - 5 scrolls of amnesia {unknown}
 k - 4 scrolls of identify {unknown}
 l - 3 scrolls of poison {unknown}
 o - a scroll of fear {unknown}
 q - a scroll of acquirement {unknown}
 r - a scroll of silence {unknown}
 t - 3 scrolls of enchant armour {unknown}
 v - 2 scrolls of immolation {unknown}
 x - a scroll of teleportation {unknown}
 C - a scroll of vulnerability {unknown}
 D - a scroll of brand weapon {unknown}
Potions
 c - 2 potions of invisibility
 n - a potion of mutation {unknown}
 p - a potion of heal wounds
 s - 5 potions of curing
 z - 2 potions of berserk rage
 B - 3 potions of attraction {unknown}
 F - a potion of brilliance {unknown}
 I - 2 potions of cancellation {unknown}
 J - a potion of lignification {unknown}
 K - a potion of might {unknown}


   Skills:
 + Level 4.4 Fighting
 + Level 5.2 Short Blades
 + Level 4.4 Long Blades
 + Level 4.4 Axes
 + Level 4.4 Maces & Flails
 + Level 4.4 Polearms
 + Level 4.4 Staves
 + Level 4.4 Ranged Weapons
 + Level 4.4 Throwing
 + Level 4.4 Armour
 + Level 6.4 Dodging
 + Level 7.5 Stealth
 + Level 4.4 Shields
 + Level 4.4 Unarmed Combat
 + Level 6.7 Spellcasting
 + Level 3.6 Conjurations
 + Level 6.6 Hexes
 + Level 3.6 Summonings
 + Level 3.6 Necromancy
 + Level 3.6 Translocations
 + Level 3.6 Fire Magic
 + Level 3.6 Ice Magic
 + Level 3.6 Air Magic
 + Level 3.6 Earth Magic
 + Level 3.6 Alchemy
 + Level 4.8 Invocations
 + Level 4.4 Evocations
 + Level 4.0 Shapeshifting


You had 11 spell levels left.
You knew the following spells:

 Your Spells              Type           Power      Damage    Failure   Level
a - Ensorcelled Hibernat  Hex/Ice        48%        N/A       4%          2
b - Confusing Touch       Hex            30%        N/A       4%          3
c - Tukima's Dance        Hex            30%        N/A       4%          3
d - Jinxbite              Hex            60%        N/A       2%          2

Your spell library contained the following spells:

 Spells                   Type           Power      Damage    Failure   Level
 Apportation              Tloc           38%        N/A       5%          1
 Kiss of Death            Conj/Necr      76%        2d11      5%          1
 Dazzling Flash           Conj/Hex       48%        N/A       9%          3
 Dispel Undead            Necr           19%        3d11      50%         4
 Passage of Golubria      Tloc           19%        N/A       50%         4
 Silence                  Hex/Air        12%        N/A       63%         5
 Yara's Violent Unravell  Hex/Alch       12%        3d7       63%         5
 Alistair's Intoxication  Alch           12%        N/A       83%         5
 Lehudib's Crystal Spear  Conj/Erth      9%         10d4      100%        8


Dungeon Overview and Level Annotations

Branches:
Dungeon (8/15)             Temple (1/1) D:4           Sewer (visited)
   Lair: D:8-11

Altars:
Ashenzari
Cheibriados
Elyvilon
Fedhas
Gozag
Hepliaklqana
Kikubaaqudgha
Makhleb
Qazlal
Ru
Sif Muna
Trog
Uskayaw
Vehumet
Xom
Yredelemnul
Zin

Shops:
D:5 =?[?!

Annotations:
D:3 1 runed translucent door, Natasha; Splishie's ghost, amateur DrBe
D:6 1 runed translucent door, Crazy Yiuf
D:7 Jeremiah


Innate Abilities, Weirdness & Mutations

You have very sharp teeth.
Your uncanny sense of smell can sniff out nearby items.
Your experience applies equally to all skills.


Message History

The killer bee closely misses you.
You hit the killer bee.
The killer bee is lightly wounded.
You feel sick. The killer bee misses you.
The killer bee stings you but does no damage.
The killer bee stings you.
* * * LOW HITPOINT WARNING * * *
The killer bee stings you.
* * * LOW HITPOINT WARNING * * *
You feel better. The killer bee closely misses you. x2
The killer bee stings you.
* * * LOW HITPOINT WARNING * * *
The killer bee closely misses you. You block the killer bee's attack.
You closely miss the killer bee. Your bite misses the killer bee.
The killer bee is lightly wounded.
The killer bee stings you but does no damage.
The killer bee closely misses you.
The killer bee buzzes angrily.
The killer bee completely misses you. The killer bee barely misses you.
You block the killer bee's attack.
You hit the killer bee but do no damage.
Your bite misses the killer bee.
The killer bee is lightly wounded.
The killer bee stings you.
* * * LOW HITPOINT WARNING * * *
The killer bee closely misses you. The killer bee barely misses you.
Unknown command.
You hit the killer bee.
The killer bee is moderately wounded.
You block the killer bee's attack. The killer bee misses you.
The killer bee barely misses you. The killer bee closely misses you.
You completely miss the killer bee.
The killer bee is lightly wounded.
The killer bee stings you.
* * * LOW HITPOINT WARNING * * *
You are poisoned.
The killer bee poisons you! The killer bee stings you.
You die...
Your body crumbles into a pile of gold.

#.### #[..<.. ##...
##..... .... ##.....
∆ ...# ###......
#..# ##...#.... #..
##...##..## #y##
##.......## #yy#
#)......## # #y@#
##.......## #
##..###.......## ##.
#.......##....# ##..
#.......#.....###..#
###................#
##...............#
#.............##.
#...##.......####
#.#####...#..##


You could see 4 killer bees.

Vanquished Creatures
  Edmund (D:6)
  Menkaure (D:7)
  2 water moccasins
  A sky beast (D:7)
  Pargi (Sewer)
  A black bear (D:5)
  An ogre (D:5)
  A centaur (D:8)
  A phantom (D:5)
  Blork the orc (D:6)
  2 bullfrogs (D:8)
  A brain worm (Sewer)
  2 scorpions
  8 killer bees (D:8)
  A howler monkey (D:4)
  A hound (D:3)
  A bombardier beetle (D:4)
  4 orc priests
  2 jellies
  An iguana (D:4)
  4 orc wizards
  Natasha (twice) (D:3)
  3 gnolls (D:3)
  4 adders
  A river rat (D:5)
  A shadow imp (D:6)
  A dart slug (D:6)
  4 ribbon worms
  20 orcs
  2 bat zombies (D:3)
  10 endoplasms
  2 giant cockroaches
  2 goblins
  5 hobgoblins
  6 jackals
  4 quokkas
  7 ball pythons
  8 bats
  4 frilled lizards
  2 frilled lizard zombies (D:3)
  2 kobolds
  13 rats
141 creatures vanquished.

Notes
Turn   | Place    | Note
-------+----------+-------------------------------------------
     0 | D:1      | monsoonserge the Gnoll Enchanter began the quest for the
                  | Orb.
     0 | D:1      | Reached XP level 1. HP: 13/13 MP: 6/6
   309 | D:1      | Reached XP level 2. HP: 16/19 MP: 7/7
   478 | D:1      | Learned a level 2 spell: Ensorcelled Hibernation
  1008 | D:2      | Reached skill level 5 in Spellcasting
  1008 | D:2      | Reached XP level 3. HP: 25/25 MP: 7/9
  1011 | D:2      | Reached skill level 6 in Stealth
  1019 | D:2      | Learned a level 3 spell: Confusing Touch
  1122 | D:2      | Learned a level 3 spell: Tukima's Dance
  1144 | D:2      | Reached skill level 1 in Invocations
  1263 | D:2      | Found a faded altar of an unknown god.
  1548 | D:2      | Reached skill level 1 in Fighting
  1548 | D:2      | Reached skill level 1 in Long Blades
  1548 | D:2      | Reached skill level 1 in Axes
  1548 | D:2      | Reached skill level 1 in Maces & Flails
  1548 | D:2      | Reached skill level 1 in Polearms
  1548 | D:2      | Reached skill level 1 in Staves
  1548 | D:2      | Reached skill level 1 in Ranged Weapons
  1548 | D:2      | Reached skill level 1 in Throwing
  1548 | D:2      | Reached skill level 1 in Armour
  1548 | D:2      | Reached skill level 1 in Shields
  1548 | D:2      | Reached skill level 1 in Unarmed Combat
  1548 | D:2      | Reached skill level 1 in Evocations
  1710 | D:3      | Noticed a bullfrog
  1711 | D:3      | Found a runed translucent door.
  1713 | D:3      | Noticed Splishie's ghost (amateur DrBe)
  1737 | D:3      | Noticed Natasha
  1743 | D:3      | Killed Natasha
  1744 | D:3      | Reached skill level 1 in Shapeshifting
  1744 | D:3      | Reached XP level 4. HP: 20/32 MP: 6/11
  1812 | D:3      | Found a blossoming altar of Fedhas.
  1844 | D:3      | Found a glowing silver altar of Zin.
  1916 | D:3      | Noticed Natasha
  1932 | D:3      | Killed Natasha
  1933 | D:3      | Reached skill level 1 in Conjurations
  1933 | D:3      | Reached skill level 1 in Summonings
  1933 | D:3      | Reached skill level 1 in Necromancy
  1933 | D:3      | Reached skill level 1 in Translocations
  1933 | D:3      | Reached skill level 1 in Fire Magic
  1933 | D:3      | Reached skill level 1 in Ice Magic
  1933 | D:3      | Reached skill level 1 in Air Magic
  1933 | D:3      | Reached skill level 1 in Earth Magic
  1933 | D:3      | Reached skill level 1 in Alchemy
  1949 | D:3      | Learned a level 2 spell: Jinxbite
  1994 | D:3      | Reached XP level 5. HP: 37/37 MP: 7/12
  2093 | D:3      | Found an ancient bone altar of Kikubaaqudgha.
  2141 | D:3      | Noticed Natasha
  2398 | D:3      | You fall into a shaft and drop 3 floors!
  2521 | D:6      | Identified the +6 hammer of Soiro {heavy, rElec Will+
                  | Dex+2}
  2523 | D:6      | Found a runed translucent door.
  2524 | D:6      | Noticed Crazy Yiuf
  2560 | D:5      | Entered Level 5 of the Dungeon
  2563 | D:5      | Found a stormy altar of Qazlal.
  2585 | D:5      | Found Gedeugep's Distillery.
  2588 | D:5      | Bought a potion of degeneration for 15 gold pieces
  2588 | D:5      | Bought a potion of heal wounds for 75 gold pieces
  2637 | D:6      | Reached XP level 6. HP: 28/44 MP: 3/14
  2663 | D:5      | Found a basalt altar of Yredelemnul.
  2766 | D:5      | Reached skill level 5 in Dodging
  2803 | D:5      | Found a glowing drain.
  2807 | Sewer    | Entered a sewer
  2922 | Sewer    | Noticed Pargi
  2967 | Sewer    | Killed Pargi
  2968 | Sewer    | Reached XP level 7. HP: 34/50 MP: 9/15
  3914 | D:4      | Found a staircase to the Ecumenical Temple.
  3923 | Temple   | Entered the Ecumenical Temple
  3946 | Temple   | Became a worshipper of Gozag Ym Sagoz the Greedy
  4369 | D:5      | Reached XP level 8. HP: 50/58 MP: 11/16
  4401 | D:5      | Found Wailiak's Jewellery Emporium.
  4501 | D:5      | Bought a potion of curing for 45 gold pieces
  4690 | D:5      | Found Ytralun's Armour Emporium.
  4694 | D:5      | Found Afouni's Magic Scroll Shoppe.
  5046 | D:5      | Found Itheug's Magic Scroll Emporium.
  5454 | D:6      | Found a snail-covered altar of Cheibriados.
  5664 | D:6      | Noticed Blork the orc
  5668 | D:6      | Killed Blork the orc
  5765 | D:6      | Noticed Edmund
  5787 | D:6      | Killed Edmund
  5788 | D:6      | Reached skill level 7 in Stealth
  6537 | D:7      | Noticed Menkaure
  6553 | D:7      | Killed Menkaure
  6590 | D:7      | Reached XP level 9. HP: 65/65 MP: 12/18
  6661 | D:7      | Noticed Jeremiah
  6678 | D:7      | HP: 1/58 [Jeremiah/divine providence (8)]
  6790 | D:8      | Reached skill level 5 in Short Blades
  7040 | D:8      | HP: 3/66 [killer bee (5)]
  7046 | D:8      | Slain by a killer bee

Illustrated notes

Levels and vault maps discovered:
D:1:      dpeg_arrival_rooms_a, layout_basic, serial_corexii_hall,
          chequers_hall_statues_wall_a, corexii_hall_statues_t,
          minmay_misc_feat_diagonals
D:2:      layout_loops_ring, shapermc_ecumenical_altar_venn
D:3:      layout_loops_corners, pf_just_have_faith,
          mainiacjoe_overflow_alcove_2, lemuel_zombie_altar_kikubaaqudgha,
          ebering_ghost_sewer_d, minmay_misc_feat_plants, uniq_natasha
D:4:      layout_cave_pools, minmay_temple_entry_antechambers,
          hangedman_abyss_or_decor_passed
D:5:      layout_loops_corners, mainiacjoe_overflow_catwalk,
          nicolae_overflow_hidden_temple, serial_shops, shop,
          kennysheep_little_box, shop, nicolae_take_the_stairs, shop,
          gup_sewer_entry_spiral, minmay_misc_feat_tiny,
          mrwooster_statue_mirror, chequers_serial_rivers_small_3
D:6:      layout_basic, kennysheep_slug_shrine, uniq_blork_the_orc,
          uniq_crazy_yiuf_cottage, uniq_edmund
D:7:      layout_gridville, nemelex_dance_club_becter, serial_glass,
          glass_columns_b, glass_columns_a, nrook_loot_triangle,
          hangedman_decor_lopped, minmay_misc_feat_more_columns, uniq_menkaure,
          uniq_jeremiah
D:8:      layout_layer_cave, gammafunk_ghost_smash, uniq_erica, uniq_joseph,
          uniq_grum, uniq_psyche
Temple:   bh_familiar_temple

Skill      XL: |  1  2  3  4  5  6  7  8  9 |
---------------+----------------------------+-----
Spellcasting   | 5 6 |  6.7
Stealth        | 6 7 |  7.5
Invocations    | 1 2 3 4 |  4.8
Fighting       | 1 2 3 4 |  4.4
Long Blades    | 1 2 3 4 |  4.4
Axes           | 1 2 3 4 |  4.4
Maces & Flails | 1 2 3 4 |  4.4
Polearms       | 1 2 3 4 |  4.4
Staves         | 1 2 3 4 |  4.4
Ranged Weapons | 1 2 3 4 |  4.4
Throwing       | 1 2 3 4 |  4.4
Armour         | 1 2 3 4 |  4.4
Shields        | 1 2 3 4 |  4.4
Unarmed Combat | 1 2 3 4 |  4.4
Evocations     | 1 2 3 4 |  4.4
Shapeshifting  | 1 2 3 4 |  4.0
Conjurations   | 1 2 3 |  3.6
Summonings     | 1 2 3 |  3.6
Necromancy     | 1 2 3 |  3.6
Translocations | 1 2 3 |  3.6
Fire Magic     | 1 2 3 |  3.6
Ice Magic      | 1 2 3 |  3.6
Air Magic      | 1 2 3 |  3.6
Earth Magic    | 1 2 3 |  3.6
Alchemy        | 1 2 3 |  3.6
Short Blades   | 3 4 5 |  5.2
Dodging        | 5 6 |  6.4
Hexes          | 6 |  6.6

Action                     |  1- 3 |  4- 6 |  7- 9 || total
---------------------------+-------+-------+-------++-------
  Melee: Dagger            |   133 |   103 |   242 ||   478
         Bite              |    12 |     7 |    30 ||    49
         Punch             |     2 |     1 |       ||     3
  Throw: Dart              |       |     3 |       ||     3
   Cast: Ensorcelled Hiber |     4 |    27 |    57 ||    88
         Tukima's Dance    |       |     1 |       ||     1
         Jinxbite          |       |     1 |       ||     1
         Confusing Touch   |       |       |     2 ||     2
  Evoke: Wand              |       |       |     2 ||     2
    Use: Potion            |       |     1 |     3 ||     4
   Stab: Sleeping          |    14 |    22 |    44 ||    80
         Confused          |       |       |     3 ||     3
         Paralysed         |       |       |     1 ||     1
         Invisible         |       |       |     1 ||     1
 Armour: Robe              |    40 |    35 |       ||    75
         Leather armour    |       |    38 |       ||    38
         Troll leather arm |       |       |   141 ||   141
  Dodge: Dodged            |    70 |    99 |   143 ||   312
  Block: Buckler           |       |       |    37 ||    37
